 Dungeon Crawl Stone Soup version 0.18.1-48-g4cf74bf (webtiles) character file.

5950 tyranidshit the Fighter (level 10, -3/103 HPs)
             Began as a Deep Dwarf Necromancer on July 20, 2016.
             Was a Priest of Makhleb.
             Slain by a vault guard
             ... wielding a +0 halberd
              (8 damage)
             ... on level 13 of the Dungeon.
             The game lasted 00:24:47 (5685 turns).

tyranidshit the Fighter (Deep Dwarf Necromancer)    Turns: 5685, Time: 00:24:48

Health: -3/103     AC: 12    Str: 22    XL:     10   Next: 54%
Magic:  9/9        EV: 13    Int: 10    God:    Makhleb [***...]
Gold:   538        SH: 11    Dex: 13    Spells: 1 memorised, 11 levels left

rFire  . . .     SeeInvis .     z - +10 falchion "Jellybane" {slice, rPois MR+ Str+6 Int-5}
rCold  . . .     Gourm    .     o - +0 ring mail
rNeg   + . .     Faith    .     t - +0 shield (curse)
rPois  +         Spirit   .     (no helmet)
rElec  .         Dismiss  .     g - +1 cloak
rCorr  .         Reflect  .     s - +0 pair of gloves
SustAt .         Harm     .     w - +1 pair of boots
MR     ++...                    K - amulet of rage
Stlth  ..........               v - ring of the Evil One {rN+ Stlth-}
                                J - ring of loudness (curse)

@: non-regenerating, drained, very resistant to hostile enchantments, extremely
unstealthy
A: damage resistance, recharge devices, sense surroundings 2, slow regeneration
3
a: Device Recharging, Minor Destruction, Lesser Servant of Makhleb, Renounce
Religion, Evoke Berserk Rage


You were on level 13 of the Dungeon.
You worshipped Makhleb.
Makhleb was most pleased with you.
You were very full.

You visited 1 branch of the dungeon, and saw 11 of its levels.

You collected 584 gold pieces.
You spent 46 gold pieces at shops.

Inventory:

Hand Weapons
 y - a +3 hand axe of freezing
 z - the +10 falchion "Jellybane" (weapon) {slice, rPois MR+ Str+6 Int-5}
   (You found it on level 4 of the Dungeon)

   It inflicts extra damage upon your enemies.
   It affects your strength (+6).
   It affects your intelligence (-5).
   It protects you from poison.
   It affects your resistance to hostile enchantments.
Armour
 a - a +0 robe
 e - a +0 leather armour
 g - a +1 cloak (worn)
 o - a +0 ring mail (worn)
 s - a +0 pair of gloves (worn)
 t - a cursed +0 shield (worn)
 w - a +1 pair of boots (worn)
Jewellery
 q - an uncursed ring of ice
 v - the ring of the Evil One (right hand) {rN+ Stlth-}
   (You found it on level 10 of the Dungeon)

   [ring of loudness]

   It protects you from negative energy.
   It makes you less stealthy.
 B - an uncursed ring of poison resistance
 J - a cursed ring of loudness (left hand)
 K - an amulet of rage (around neck)
Wands
 c - a wand of heal wounds (3/9)
 m - a wand of flame (0/48)
 C - a wand of digging (12/24)
 G - a wand of flame (27/48)
 H - a wand of flame (41/48)
 L - a wand of lightning (5/15)
Scrolls
 k - a scroll of enchant weapon
 r - 2 scrolls of fear
Potions
 d - a potion of flight
 i - a potion of ambrosia
 n - 5 potions of curing
 p - 2 potions of brilliance
 A - a potion of resistance
 E - 2 potions of lignification
 F - a potion of invisibility
 I - a potion of cancellation
Books
 b - a book of Necromancy

   Spells                             Type                      Level
   a - Pain                           Necromancy                   1
   b - Animate Skeleton               Necromancy                   1
   c - Vampiric Draining              Necromancy                   3
   d - Regeneration                   Charms/Necromancy            3
   e - Animate Dead                   Necromancy                   4
   f - Control Undead                 Necromancy                   4
Comestibles
 f - 2 meat rations
 h - a beef jerky
 j - 5 bread rations
 l - a royal jelly
 u - 12 fruits
 D - a slice of pizza


   Skills:
 - Level 10.7(10.6) Fighting
 + Level 6.7(6.6) Armour
 + Level 7.1(7.0) Dodging
 - Level 2.4(2.3) Stealth
 + Level 6.6(6.5) Shields
 - Level 1.7(1.6) Spellcasting
 - Level 4.3 Necromancy


You had 11 spell levels left.
You knew the following spells:

 Your Spells              Type           Power        Failure   Level  Hunger
a - Pain                  Necr           #...         28%         1    ##.....


Dungeon Overview and Level Annotations

Branches:
Dungeon (10/15)            Temple (0/1) D:7             Orc (0/2) D:9
 Vaults (0/5) D:13
   Lair: D:8-11

Altars:
Cheibriados
Gozag
Kikubaaqudgha
Makhleb
Nemelex Xobeh
Pakellas
Qazlal
Ru
Sif Muna
Vehumet
Xom
Zin
The Shining One

Shops:
D:5 [   D:6 *

Annotations:
D:3 junkhipster's ghost, amateur FoFi
D:7 ThereIsNoGod's ghost, novice MiFi
D:8 Typee's ghost, novice OpCj


Innate Abilities, Weirdness & Mutations

You are resistant to damage.
You can recharge devices by infusing magical energy.
You passively map the area around you.
You do not regenerate naturally.


Message History

The sticky flame hits you!
You are covered in liquid flames!
The vault guard barely misses you.
You hear an angry hiss.
You are covered in liquid flames!
You are covered in liquid flames!
The slime creature hits you!
The vault guard hits you from afar with a glaive!
* * * LOW HITPOINT WARNING * * *
The vault guard closely misses you.
A wyvern comes into view.
The vault guard hits you from afar with a halberd!
* * * LOW HITPOINT WARNING * * *
The vault guard closely misses you. The wyvern misses you.
You slash the wyvern!
The wyvern is severely wounded.
You block the wyvern's attack. The slime creature hits you!
* * * LOW HITPOINT WARNING * * *
The vault guard hits you from afar with a halberd!
You die...

* * ########
########### ,
.......#
#.§§§c§c.H. , *
#l...###§§§#####..
* , ,
#@#...##pH§#####.(
, ,
#JDpQHToO.§..c...(
*, *
#D.p.##.......##H.
, #O.c####§....#
##. , ##.##
##...## ## , * #.#
###D## ## ,, , #..
*##..oT.####. ,
,,, ***#...
#.#T..#.##.. , ,
,.....#.D...D.#H..


You could see a five-headed hydra, 2 vault guards, a slime creature, a tengu
warrior, a hippogriff, a troll, a two-headed ogre, a wyvern, a mottled dragon,
an ogre, a centaur and an orc.

Vanquished Creatures
  A hill giant (D:10)
  Pikel (D:6)
  Psyche (D:10)
  A wyvern (D:9)
  3 yaks (D:9)
  4 sky beasts
  A steam dragon (D:10)
  A hungry ghost (D:7)
  A hippogriff (D:6)
  2 orc warriors
  A black bear (D:10)
  5 phantoms
  4 ogres
  4 centaurs
  A big kobold (D:10)
  7 giant frogs
  A wyvern zombie (D:9)
  2 scorpions
  8 killer bees
  4 wights (D:10)
  3 howler monkeys
  A crimson imp (D:4)
  A jelly (D:10)
  2 giant frog skeletons
  An orc priest (D:9)
  4 orc wizards
  4 iguanas
  4 worker ants
  A worker ant zombie (D:5)
  6 gnolls
  7 adders
  An ooze (D:1)
  An adder zombie (D:9)
  A worm (D:6)
  2 dart slugs (D:1)
  7 giant geckos
  15 orcs
  3 ball pythons
  5 giant cockroaches
  5 goblins
  5 hobgoblins
  18 jackals
  14 kobolds
  3 quokkas
  6 bats
  A giant gecko zombie (D:5)
  4 giant newts
  A quokka skeleton (D:5)
  9 rats
188 creatures vanquished.

Vanquished Creatures (others)
  A slave (D:6)
  2 orc wizards (D:6)
  A centaur skeleton (D:6)
  An adder zombie (D:6)
  4 orcs (D:6)
  A quokka (D:6)
  A quokka zombie (D:6)
11 creatures vanquished.

Grand Total: 199 creatures vanquished

Notes
Turn   | Place    | Note
--------------------------------------------------------------
     0 | D:1      | tyranidshit the Deep Dwarf Necromancer began the quest for the Orb.
     0 | D:1      | Reached XP level 1. HP: 15/15 MP: 3/3
   120 | D:1      | Reached skill level 1 in Fighting
   159 | D:1      | Reached XP level 2. HP: 10/25 MP: 1/4
   217 | D:1      | Reached skill level 2 in Fighting
   425 | D:1      | Reached XP level 3. HP: 14/33 MP: 5/5
  1032 | D:2      | Found a glowing silver altar of Zin.
  1033 | D:2      | Found an opulent altar of Gozag.
  1144 | D:2      | Found an oddly glowing altar of Pakellas.
  1201 | D:2      | Reached skill level 3 in Fighting
  1476 | D:2      | Reached XP level 4. HP: 27/42 MP: 6/6
  1808 | D:3      | Noticed a centaur
  1813 | D:3      | Found an opulent altar of Gozag.
  1845 | D:3      | Killed a centaur
  1845 | D:3      | Reached skill level 4 in Fighting
  1845 | D:3      | Reached XP level 5. HP: 48/51 MP: 7/7
  2026 | D:3      | Noticed junkhipster's ghost (amateur FoFi)
  2030 | D:3      | Found a snail-covered altar of Cheibriados.
  2030 | D:3      | Found a glowing golden altar of the Shining One.
  2228 | D:4      | Noticed a phantom
  2241 | D:4      | Reached skill level 5 in Fighting
  2347 | D:4      | Found a sacrificial altar of Ru.
  2398 | D:4      | Reached XP level 6. HP: 20/61 MP: 7/7
  2449 | D:4      | Reached skill level 6 in Fighting
  2554 | D:4      | Found a burning altar of Makhleb.
  2557 | D:4      | Found a radiant altar of Vehumet.
  2570 | D:4      | Became a worshipper of Makhleb the Destroyer
  2659 | D:4      | Got a slimy falchion
  2660 | D:4      | Identified the +10 falchion "Jellybane" {slice, rPois MR+ Str+6 Int-5} (You found it on level 4 of the Dungeon)
  2808 | D:5      | Entered Level 5 of the Dungeon
  2836 | D:5      | Reached XP level 7. HP: 26/70 MP: 8/8
  2838 | D:5      | Found Wihomir's Armour Shoppe.
  2851 | D:5      | Reached skill level 7 in Fighting
  2872 | D:5      | Found a shimmering altar of Xom.
  3059 | D:5      | HP: 2/72 [ogre/giant club (20)]
  3350 | D:5      | Found a deep blue altar of Sif Muna.
  3532 | D:6      | Reached skill level 8 in Fighting
  3559 | D:6      | Noticed Pikel
  3575 | D:6      | Killed Pikel
  3575 | D:6      | Reached skill level 9 in Fighting
  3575 | D:6      | Reached XP level 8. HP: 22/85 MP: 9/9
  3585 | D:6      | Reached * piety under Makhleb
  3589 | D:6      | Reached skill level 10 in Fighting
  3777 | D:6      | Found Qezi's Assorted Antiques.
  3817 | D:6      | Bought a metallic pink potion for 23 gold pieces
  3817 | D:6      | Bought a glowing black potion for 23 gold pieces
  3993 | D:6      | Found a stormy altar of Qazlal.
  3993 | D:6      | Found a sparkling altar of Nemelex Xobeh.
  4126 | D:6      | Gained mutation: You passively map the area around you. [Deep Dwarf growth]
  4126 | D:6      | Reached XP level 9. HP: 11/94 MP: 9/9
  4208 | D:6      | Reached skill level 1 in Shields
  4254 | D:7      | Reached skill level 1 in Armour
  4275 | D:7      | Found a staircase to the Ecumenical Temple.
  4296 | D:7      | Noticed ThereIsNoGod's ghost (novice MiFi)
  4396 | D:8      | Noticed Typee's ghost (novice OpCj)
  4409 | D:8      | Reached ** piety under Makhleb
  4442 | D:8      | Found an ancient bone altar of Kikubaaqudgha.
  4481 | D:8      | Gained mutation: Scrolls take you a little longer to read. [potion of mutation]
  4481 | D:8      | Gained mutation: You are dopey. (Int -2) [potion of mutation]
  4481 | D:8      | Gained mutation: You have a pair of small antennae on your head. [potion of mutation]
  4482 | D:8      | Lost mutation: You are dopey. (Int -2) [potion of cure mutation]
  4482 | D:8      | Lost mutation: Scrolls take you a little longer to read. [potion of cure mutation]
  4482 | D:8      | Lost mutation: You have a pair of small antennae on your head. [potion of cure mutation]
  4665 | D:9      | Reached skill level 5 in Dodging
  4758 | D:9      | Reached skill level 5 in Armour
  4803 | D:9      | Reached skill level 5 in Shields
  4803 | D:9      | Reached XP level 10. HP: 44/103 MP: 9/9
  4871 | D:9      | Reached *** piety under Makhleb
  4977 | D:9      | Found a staircase to the Orcish Mines.
  5104 | D:10     | Entered Level 10 of the Dungeon
  5107 | D:10     | Got a transparent granite ring
  5108 | D:10     | Identified the ring of the Evil One {rN+ Stlth-} (You found it on level 10 of the Dungeon)
  5146 | D:10     | Noticed a hill giant
  5165 | D:10     | Killed a hill giant
  5272 | D:10     | Noticed Psyche
  5345 | D:10     | Killed Psyche
  5648 | D:10     | You fall through a shaft for 3 floors!
  5648 | D:13     | Found a gate to the Vaults.
  5648 | D:13     | Noticed a vault guard
  5648 | D:13     | Noticed a five-headed hydra
  5648 | D:13     | Noticed a vault guard
  5648 | D:13     | Noticed a vault guard
  5648 | D:13     | Noticed a tengu warrior
  5648 | D:13     | Noticed a vault guard
  5685 | D:13     | HP: 5/103 [slime creature (9)]
  5685 | D:13     | Slain by a vault guard

Skill      XL: |  1  2  3  4  5  6  7  8  9 10 |
---------------+-------------------------------+-----
Fighting       | 1 2 3 4 5 6 9 10 | 10.7
Shields        | 5 6 |  6.6
Armour         | 5 6 |  6.7
Dodging        | 5 7 |  7.1
Stealth        | |  2.4
Spellcasting   | |  1.7
Necromancy     | |  4.3

Action                   |  1- 3 |  4- 6 |  7- 9 | 10-12 || total
-------------------------+-------+-------+-------+-------++-------
Melee: Short sword       |   116 |       |       |       ||   116
       Unarmed           |     8 |       |       |       ||     8
       Dagger            |   104 |    98 |       |       ||   202
       Quarterstaff      |     8 |       |       |       ||     8
       Hand axe          |       |    90 |       |       ||    90
       Falchion          |       |    14 |   244 |    88 ||   346
 Cast: Pain              |     6 |       |       |       ||     6
 Abil: Device Recharging |       |     1 |     2 |       ||     3
Evoke: Wand              |     2 |     5 |    10 |     2 ||    19
  Use: Scroll            |     3 |     5 |    11 |     4 ||    23
       Potion            |     6 |     2 |     7 |     3 ||    18
 Stab: Sleeping          |     3 |     1 |     2 |     1 ||     7
       Paralysed         |       |     2 |       |       ||     2
       Invisible         |       |     1 |       |       ||     1
  Eat: Bread ration      |     1 |       |       |       ||     1
       Meat ration       |       |     1 |     1 |     2 ||     4
       Beef jerky        |       |       |     1 |       ||     1
Armor: Leather armour    |    27 |       |       |       ||    27
       Ring mail         |   109 |   140 |   155 |    37 ||   441
Dodge: Dodged            |   231 |   131 |   152 |    52 ||   566
Block: Shield            |       |   118 |   185 |    57 ||   360
